 Dungeon Crawl Stone Soup version 0.18-a0-19-g8b99b3a (webtiles) character file.

128 4thArraOfDagon the Skirmisher (level 5, -8/43 HPs)
             Began as a Merfolk Wanderer on Nov 1, 2015.
             Mangled by an ogre
             ... wielding a +0 giant club
              (14 damage)
             ... on level 5 of the Dungeon.
             The game lasted 00:08:13 (1454 turns).

4thArraOfDagon the Skirmisher (Merfolk Wanderer)    Turns: 1454, Time: 00:08:14

Health: -8/43      AC:  7    Str: 11    XL:     5   Next: 12%
Magic:  14/14      EV: 11    Int: 12    God:
Gold:   118        SH:  6    Dex: 15    Spells: 0 memorised, 4 levels left

rFire  . . .     SeeInvis .     a - +2 mace
rCold  . . .     Clarity  .     f - +0 ring mail
rNeg   . . .     SustAt   .     j - +2 buckler
rPois  .         Gourm    .     c - +1 hat
rElec  .         Spirit   .     k - +0 cloak
rCorr  .         Warding  .     (no gloves)
rMut   .         Stasis   .     (no boots)
MR     .....                    (no amulet)
Stlth  +.........               (no ring)
                                h - ring of magical power

@: not resistant to hostile enchantments, very unstealthy
A: change form in water, swift swim
a: no special abilities


You were on level 5 of the Dungeon.
You were not hungry.

You visited 1 branch of the dungeon, and saw 5 of its levels.

You collected 118 gold pieces.

Inventory:

Hand Weapons
 a - a +2 mace (weapon)
 l - a +1 war axe of chopping
 n - a -1 war axe
Armour
 c - a +1 hat (worn)
 f - a +0 ring mail (worn)
 g - a +0 helmet
 j - a +2 buckler (worn)
 k - a +0 cloak (worn)
Jewellery
 h - a ring of magical power (left hand)
Scrolls
 b - 3 scrolls of identify
Potions
 i - a potion of resistance
 m - a potion of brilliance
Comestibles
 d - 4 meat rations
 e - 3 bread rations


   Skills:
 + Level 4.3 Fighting
 - Level 4.1 Maces & Flails
 - Level 1.0 Armour
 + Level 4.0 Dodging
 - Level 1.0 Shields
   Level 1.0 Evocations


You had 4 spell levels left.
You didn't know any spells.

Dungeon Overview and Level Annotations

Branches:
Dungeon (5/15)
 Temple: D:4-7

Altars:
Qazlal

Annotations:
D:3 Sigmund
D:4 Edmund


Message History

The ogre hits you with a giant club!
You hit the ogre.
The ogre is moderately wounded.
The ogre hits you with a giant club!!
Ouch! That really hurt!
* * * LOW HITPOINT WARNING * * *
You hit the ogre.
The ogre is moderately wounded.
The ogre hits you with a giant club.
* * * LOW HITPOINT WARNING * * *
You hit the ogre.
The ogre is heavily wounded.
You block the ogre's attack.
You hit the ogre.
The ogre is severely wounded.
The ogre closely misses you.
You hit the ogre.
The ogre is almost dead.
The ogre hits you with a giant club!
You die...

.....O.....#
###....(...#
.........#
_#######.#
#..†..#.#
#.###.#.#
#.#.#.#.#
#.#...#O#
#.#.###@#
#.#.#<#.#
#.#.#.#.#
#.#.#.#)#
#.#...#.#
#.#####.#
#.......#
#########


You could see an ogre.

Vanquished Creatures
  A giant frog skeleton (D:5)
  A hound (D:4)
  An adder (D:2)
  An ooze (D:1)
  2 worms (D:2)
  2 giant geckos
  4 orcs (D:5)
  5 giant cockroaches
  4 goblins
  5 hobgoblins
  2 jackals (D:2)
  5 kobolds
  4 bats
  A giant gecko skeleton (D:5)
  3 giant newts
  3 rats (D:2)
44 creatures vanquished.

Notes
Turn   | Place    | Note
--------------------------------------------------------------
     0 | D:1      | 4thArraOfDagon the Merfolk Wanderer began the quest for the Orb.
     0 | D:1      | 4thArraOfDagon set off with: a +2 mace, a potion of lignification, a scroll of teleportation, a +0 robe, a bread ration
     0 | D:1      | Reached XP level 1. HP: 16/16 MP: 1/1
    47 | D:1      | Reached skill level 1 in Dodging
   164 | D:2      | Reached XP level 2. HP: 5/23 MP: 2/2
   232 | D:2      | Reached XP level 3. HP: 6/29 MP: 3/3
   639 | D:2      | Reached XP level 4. HP: 27/36 MP: 4/4
   716 | D:3      | Noticed Sigmund
   752 | D:4      | Noticed Edmund
   778 | D:4      | WTF
   999 | D:5      | Entered Level 5 of the Dungeon
  1017 | D:5      | Noticed a centaur
  1018 | D:5      | Noticed an ogre
  1229 | D:4      | Reached XP level 5. HP: 23/42 MP: 5/5
  1437 | D:5      | Found a stormy altar of Qazlal.
  1454 | D:5      | Mangled by an ogre

Vault maps used:
D:1:      saegor_arrival_simple_f, minmay_distorted
D:3:      okawaru_metal_pillars_1_2, bloody_trog, ecumenical_altar_1,
          corexii_hall_statues_u, nemelex_spade_bored_becter, uniq_sigmund
D:4:      minmay_door_path, serial_shops, nicolae_shop_overgrown_old_shop,
          uniq_edmund
D:5:      overflow_temple_1_default, nicolae_ru_awakened_eye, serial_shops,
          nicolae_shop_trees, first_bread

Action                   |  1- 3 |  4- 6 || total
-------------------------+-------+-------++-------
Melee: Mace              |   119 |    84 ||   203
  Use: Potion            |     3 |     1 ||     4
       Scroll            |       |     7 ||     7
  Eat: Bread ration      |       |     1 ||     1
